 Dungeon Crawl Stone Soup version 0.21.1-1-g345015fe64 (webtiles) character file.

19 Gargoyl the Skirmisher (level 2, -4/26 HPs)
             Began as a Centaur Abyssal Knight on Apr 21, 2018.
             Was a Follower of Lugonu.
             Killed from afar by a dart slug (7 damage)
             ... with a slug dart
             ... on level 1 of the Dungeon.
             The game lasted 00:01:29 (502 turns).

Gargoyl the Skirmisher (Centaur Abyssal Knight)      Turns: 502, Time: 00:01:30

Health: -4/26      AC:  7    Str: 14    XL:     2   Next: 55%
Magic:  3/3        EV:  4    Int: 11    God:    Lugonu [*.....]
Gold:   31         SH:  0    Dex:  8    Spells: 1/1 levels left

rFire    + . .     SeeInvis .   a - +1 hand axe
rCold    . . .     Gourm    .   (no shield)
rNeg     . . .     Faith    .   f - +0 chain mail {rF+}
rPois    .         Spirit   .   (no helmet)
rElec    .         Reflect  .   (no cloak)
rCorr    .         Harm     .   (no gloves)
MR       .....                  (no barding)
Stlth    ..........             (no amulet)
HPRegen  0.08/turn              (no ring)
MPRegen  0.08/turn              (no ring)

@: very quick
A: large, hooves 3, deformed body, speed 2, tough skin 3
a: Depart the Abyss, Renounce Religion


You were on level 1 of the Dungeon.
You worshipped Lugonu.
Lugonu was aware of your devotion.
You were not hungry.

You visited 1 branch of the dungeon, and saw 1 of its levels.
You visited the Abyss 1 time.

You collected 31 gold pieces.

Inventory:

Hand Weapons
 a - a +1 hand axe (weapon)
Missiles
 d - 11 javelins (quivered)
Armour
 b - a +0 leather armour
 f - a +0 chain mail of fire resistance (worn)
Wands
 e - a wand of iceblast (13)
Scrolls
 h - a scroll of fog {unknown}
Potions
 g - a potion of curing {unknown}
 i - 2 potions of agility {unknown}
Comestibles
 c - 7 rations
 j - a chunk of flesh


   Skills:
 + Level 3.4 Fighting
 + Level 2.0 Axes
 * Level 1.9 Armour
 + Level 0.6 Dodging
 * Level 2.0 Invocations


You had one spell level left.
You didn't know any spells.

Dungeon Overview and Level Annotations

Branches:
Dungeon (1/15)

Altars:


Innate Abilities, Weirdness & Mutations

You have hooves in place of feet.
Armour fits poorly on your strangely shaped body.
You cover ground very quickly.
You have extremely tough skin. (AC +3)


Message History

a club; a leopard gecko corpse You butcher the leopard gecko corpse.
j - a chunk of flesh You see here a club.
Okay, then.
You start resting.
You hit the dart slug.
The dart slug is heavily wounded.
The dart slug launches a dart at you. The slug dart hits you!
* * * LOW HITPOINT WARNING * * *
You hit the dart slug.
The dart slug is severely wounded.
The dart slug bites you.
* * * LOW HITPOINT WARNING * * *
You hit the dart slug.
The dart slug is severely wounded.
The dart slug launches a dart at you. The slug dart hits you!
You die...

#...# ##..##.#########
#######...# #....# #....##...#
#....# #....##...######....#
#....##.............#
#....##.............#
#....##.............#
#..........w.###..#.#
#....##...##@####)#.#
#....##.†.##)#......#########
#####....##.l)##†#.##............
.........##...##.#.##............
l....g........##.#...............
..............##...##.)..........
..........†...##.#.....>..(......
(.............##....#............
.......#########.##.#............


You could see a dart slug.

Vanquished Creatures
  A leopard gecko (D:1)
  4 bats (D:1)
  A giant cockroach (D:1)
  3 goblins (D:1)
  A hobgoblin (D:1)
  A jackal (D:1)
  2 kobolds (D:1)
  A frilled lizard (D:1)
  2 rats (D:1)
16 creatures vanquished.

Notes
Turn   | Place    | Note
-------+----------+-------------------------------------------
     0 | Abyss:1  | Gargoyl the Centaur Abyssal Knight began the quest for the Orb.
     0 | Abyss:1  | Reached XP level 1. HP: 19/19 MP: 2/2
    52 | Abyss:1  | Noticed a starcursed mass
   182 | Abyss:2  | Noticed a large abomination
   191 | Abyss:2  | Noticed a thrashing horror
   191 | D:1      | Escaped the Abyss
   403 | D:1      | Reached XP level 2. HP: 20/26 MP: 3/3
   432 | D:1      | Reached * piety under Lugonu
   502 | D:1      | Killed from afar by a dart slug

Skill      XL: |  1  2 |
---------------+-------+-----
Axes           | 2 |  2.0
Fighting       | |  3.4
Armour         | |  1.9
Dodging        | |  0.6
Invocations    | |  2.0

Action                   || total
-------------------------++-------
Melee: Hand axe          ||    46
       Kick              ||     1
Invok: Depart the Abyss  ||     1
Armor: Chain mail        ||    45
Dodge: Dodged            ||     9
